 Dungeon Crawl Stone Soup version 0.17.0-28-g6e173f8 (webtiles) character file.

18 HEYYEYAAE the Changer (level 2, -1/14 HPs)
             Began as a Spriggan Transmuter on Nov 27, 2015.
             Slain by a jackal (2 damage)
             ... on level 1 of the Dungeon.
             The game lasted 00:02:21 (642 turns).

HEYYEYAAE the Changer (Spriggan Transmuter)          Turns: 642, Time: 00:02:21

Health: -1/14      AC:  2    Str:  6    XL:     2   Next: 48%
Magic:  4/6        EV: 18    Int: 14    God:
Gold:   14         SH:  0    Dex: 16    Spells: 2 memorised, 3 levels left

rFire  . . .     SeeInvis +       - Unarmed
rCold  . . .     Clarity  .     b - +0 robe
rNeg   . . .     SustAt   .     (shield restricted)
rPois  .         Gourm    .     (helmet restricted)
rElec  .         Spirit   .     (no cloak)
rCorr  .         Warding  .     (gloves unavailable)
rMut   .         Stasis   .     (boots unavailable)
MR     .....                    (no amulet)
Stlth  +.........               (no ring)
                                (no ring)

@: appendage, flying, very quick, not resistant to hostile enchantments, very
unstealthy
A: unfitting armour, horns 2, see invisible, herbivore 3, speed 3, slow
metabolism 2
a: End Transformation


You were on level 1 of the Dungeon.
You were not hungry.
You had grown temporary horns.
You visited 1 branch of the dungeon, and saw 1 of its levels.

You collected 14 gold pieces.

Inventory:

Missiles
 a - 27 arrows
Armour
 b - a +0 robe (worn)
Scrolls
 f - 3 scrolls of remove curse
Books
 c - a book of Changes

   Spells                             Type                      Level
   a - Beastly Appendage              Transmutation                1
   b - Sticks to Snakes               Transmutation                2
   c - Spider Form                    Transmutation/Poison         3
   d - Ice Form                       Ice/Transmutation            4
   e - Blade Hands                    Transmutation                5
Comestibles
 d - a bread ration


   Skills:
 * Level 1.2 Fighting
 + Level 3.1 Dodging
 + Level 2.5 Unarmed Combat
 + Level 2.9 Spellcasting
 * Level 3.3 Transmutations


You had 3 spell levels left.
You knew the following spells:

 Your Spells              Type           Power        Failure   Level  Hunger
a - Beastly Appendage     Trmt           ##....       6%          1    #......
b - Sticks to Snakes      Trmt           ##........   10%         2    ##.....


Dungeon Overview and Level Annotations

Branches:
Dungeon (1/15)

Altars:


Innate Abilities, Weirdness & Mutations

You are tiny and cannot use many weapons and most armour.
You have supernaturally acute eyesight.
You are a herbivore.
You cover ground extremely quickly.
You need consume almost no food.
You have a pair of horns on your head.


Message History

Read which item? (? for menu, Esc to quit)
As you read the scroll labeled BOBOCAGGOU, it crumbles to dust.
The dust glows pulsating scarlet!
It was a scroll of random uselessness.
The jackal misses you.
The jackal misses something.
Something closely misses the jackal.
Something completely misses the jackal.
Casting: Sticks to Snakes
Confirm with . or Enter, or press ? or * to list all spells.
You extend your transformation's duration.
The jackal closely misses you.
The jackal bites something.
The jackal misses you.
Unknown command.
Casting: Beastly Appendage
Confirm with . or Enter, or press ? or * to list all spells.
You extend your transformation's duration.
The jackal closely misses you.
Unknown command.
You hit the jackal but do no damage. The jackal completely misses you.
The jackal closely misses you.
You closely miss the jackal. The jackal bites you.
You die...

####### #.S...#
#h###.##########
#.###h##..##..##. ##
..hh....##h#.S#.S###.#.§#..
#######.##@##≈≈##...###..§≈
#.####.##.####.##..≈# #.#
#.# #...#.#..##. #.#
#.######..#.#...# ### #.# #
#....####.#.##. #.. ..#
#....###.####.# #.#
#≈.##.#..≈#.#.# #.#
######S.#.#S###.#.#. #.#
#..≈.S##S####..#####


You could see 2 jackals.

Vanquished Creatures
  3 bats (D:1)
  2 goblins (D:1)
  A hobgoblin (D:1)
  A jackal (D:1)
  2 kobolds (D:1)
  A giant cockroach (D:1)
  3 giant newts (D:1)
  2 rats (D:1)
15 creatures vanquished.

Vanquished Creatures (collateral kills)
  A jackal (D:1)
1 creature vanquished.

Grand Total: 16 creatures vanquished

Notes
Turn   | Place    | Note
--------------------------------------------------------------
     0 | D:1      | HEYYEYAAE the Spriggan Transmuter began the quest for the Orb.
     0 | D:1      | Reached XP level 1. HP: 9/9 MP: 5/5
   154 | D:1      | Reached skill level 1 in Fighting
   423 | D:1      | Reached XP level 2. HP: 14/14 MP: 4/6
   530 | D:1      | Learned a level 2 spell: Sticks to Snakes
   642 | D:1      | Slain by a jackal

Action                   || total
-------------------------++-------
Melee: Unarmed           ||    65
 Cast: Beastly Appendage ||    12
       Sticks to Snakes  ||     4
  Use: Scroll            ||     2
       Potion            ||     2
 Stab: Sleeping          ||     1
